 Dungeon Crawl Stone Soup version 0.23.2 (webtiles) character file.

Game seed: 14608942505486650362

662 Menchi the Slasher (level 7, 0/61 HPs)
             Began as a Ghoul Fighter on Apr 6, 2019.
             Slain by Grinder (2 damage)
             ... while paralysed by Grinder
             ... on level 4 of the Dungeon.
             The game lasted 00:08:31 (3062 turns).

Menchi the Slasher (Ghoul Fighter)                  Turns: 3062, Time: 00:08:32

Health: 0/61       AC:  7    Str: 21    XL:     7   Next: 56%
Magic:  6/6        EV:  2    Int:  4    God:
Gold:   179        SH:  0    Dex:  8    Spells: 6/6 levels left

rFire    . . .     SeeInvis .   a - +1 long sword
rCold    + . .     Gourm    .   (no shield)
rNeg     + + +     Faith    .   b - +0 scale mail
rPois    ∞         Spirit   .   (no helmet)
rElec    .         Reflect  .   (no cloak)
rCorr    .         Harm     .   k - +0 pair of gloves
MR       .....                  (no boots)
Stlth    ..........             p - amulet of the acrobat
HPRegen  0.00/turn              (no ring)
MPRegen  0.10/turn              (no ring)

@: paralysed, rotting
A: rotting body, claws 1, carnivore, cold resistance 1, negative energy
resistance 3, inhibited regeneration, torment resistance, unbreathing
a: no special abilities


You were on level 4 of the Dungeon.
You were not hungry.

You visited 1 branch of the dungeon, and saw 4 of its levels.

You collected 179 gold pieces.

Inventory:

Hand Weapons
 a - a +1 long sword (weapon)
Armour
 b - a +0 scale mail (worn)
 k - a +0 pair of gloves (worn)
Jewellery
 p - an amulet of the acrobat (around neck)
Wands
 t - a wand of iceblast (4)
Scrolls
 c - a scroll of magic mapping
 g - 6 scrolls of remove curse {unknown}
 l - 3 scrolls of teleportation {unknown}
 o - a scroll of immolation
 r - a scroll of blinking {unknown}
 s - 2 scrolls of identify
 u - a scroll of enchant armour {unknown}
Potions
 d - a potion of invisibility {unknown}
 e - 2 potions of flight
 h - a potion of lignification {unknown}
 i - a potion of agility {unknown}
 j - a potion of curing
 m - a potion of magic {unknown}
 n - a potion of resistance
 q - a potion of brilliance {unknown}
Comestibles
 f - 7 rations


   Skills:
 * Level 5.3 Fighting
 * Level 6.0 Long Blades
 - Level 2.6 Armour
 * Level 2.5 Dodging
   Level 2.6 Shields


You had 6 spell levels left.
You didn't know any spells.
Your spell library was empty.

Dungeon Overview and Level Annotations

Branches:
Dungeon (4/15)
 Temple: D:4-7

Altars:
Elyvilon

Portals:
Ossuary: D:4

Annotations:
D:4 2 transporters, Grinder


Innate Abilities, Weirdness & Mutations

Your body is rotting away.
You thrive on raw meat.
You are immune to poison.
You have sharp fingernails.
You are carnivorous and can eat meat at any time.
Your flesh is cold resistant. (rC+)
You are immune to negative energy. (rN+++)
You do not regenerate when monsters are visible.
You are immune to unholy pain and torment.
You can survive without breathing.


Message History

Grinder is severely wounded.
Grinder hits you.
* * * LOW HITPOINT WARNING * * *
You barely miss Grinder.
Grinder is severely wounded.
Grinder barely misses you.
You riposte.
You closely miss Grinder.
Grinder is severely wounded.
You barely miss Grinder.
Grinder is severely wounded.
Grinder gestures at you.
You suddenly lose the ability to move!
Grinder hits you!
* * * LOW HITPOINT WARNING * * *
You hear the quick hiss of an avalanche of sand.
Grinder hits you.
* * * LOW HITPOINT WARNING * * *
Grinder hits you.
* * * LOW HITPOINT WARNING * * *
Grinder hits you.
You die...

...<...
#.#.......#
.......
#.#.#####.#
....... #.#.#
#.# .......
#.#.# #.#
....(.. ####.#.#
#. .......
#....#.#####.#.
#######
#..............
#..#####5#####..
... #..@..# .
##...## ##∩##
###


You could see Grinder.

Vanquished Creatures
  A hippogriff (D:3)
  Blork the orc (D:4)
  An orc priest (D:3)
  3 orc wizards
  A centaur skeleton (D:4)
  Ijyb (D:4)
  A worker ant (D:4)
  A mummy (D:4)
  3 gnolls (D:4)
  A howler monkey skeleton (D:4)
  8 adders
  2 worms
  3 dart slugs
  3 leopard geckos
  9 orcs
  3 giant cockroaches
  9 hobgoblins
  5 jackals
  4 quokkas
  2 ball pythons
  5 bats
  5 frilled lizards
  5 goblins
  10 kobolds
  10 rats
97 creatures vanquished.

Notes
Turn   | Place    | Note
-------+----------+-------------------------------------------
     0 | D:1      | Menchi the Ghoul Fighter began the quest for the Orb.
     0 | D:1      | Reached XP level 1. HP: 19/19 MP: 0/0
   232 | D:1      | Reached XP level 2. HP: 24/26 MP: 1/1
   251 | D:1      | Reached skill level 2 in Long Blades
   880 | D:2      | Reached XP level 3. HP: 33/33 MP: 2/2
   925 | D:2      | Reached skill level 1 in Dodging
  1106 | D:2      | Reached XP level 4. HP: 24/40 MP: 3/3
  1577 | D:2      | Reached skill level 3 in Long Blades
  1865 | D:3      | Noticed a hippogriff
  1882 | D:3      | Killed a hippogriff
  1882 | D:3      | Reached skill level 4 in Long Blades
  1882 | D:3      | Reached XP level 5. HP: 14/47 MP: 4/4
  1882 | D:3      | Reached XP level 6. HP: 16/55 MP: 5/5
  2445 | D:3      | Reached skill level 5 in Long Blades
  2462 | D:3      | Found a white marble altar of Elyvilon.
  2641 | D:4      | Reached skill level 5 in Fighting
  2681 | D:4      | Reached XP level 7. HP: 43/61 MP: 6/6
  2738 | D:4      | Found a transporter.
  2773 | D:4      | Noticed Ijyb
  2787 | D:4      | Killed Ijyb
  2802 | D:4      | Found a transporter.
  2830 | D:4      | HP: 3/61 [adder (4)]
  2892 | D:4      | Noticed Blork the orc
  2910 | D:4      | Killed Blork the orc
  3026 | D:4      | Noticed Grinder
  3048 | D:4      | Found a sand-covered staircase.
  3054 | D:4      | Reached skill level 6 in Long Blades
  3058 | D:4      | Paralysed by Grinder for 7 turns
  3061 | D:4      | HP: 2/61 [Grinder (4)]
  3062 | D:4      | Slain by Grinder

Skill      XL: |  1  2  3  4  5  6  7 |
---------------+----------------------+-----
Long Blades    | 2 4 5 6 |  6.0
Fighting       | 4 5 |  5.3
Dodging        | 1 2 |  2.5
Armour         | |  2.6
Shields        | |  2.6

Action                   |  1- 3 |  4- 6 |  7- 9 || total
-------------------------+-------+-------+-------++-------
Melee: Long sword        |   105 |   169 |    75 ||   349
Evoke: Wand              |       |       |     3 ||     3
  Use: Scroll            |     1 |     7 |       ||     8
       Potion            |       |     4 |       ||     4
  Eat: Chunk             |     5 |    22 |    14 ||    41
Armor: Scale mail        |    61 |    81 |    35 ||   177
Dodge: Dodged            |    61 |   122 |    42 ||   225
       Rpst.: Long sword |    14 |    44 |    13 ||    71
